 Dungeon Crawl Stone Soup version 0.22-a0-542-gce4f928 (webtiles) character file.

4270 Hebeh the Cleaver (level 10, 0/90 HPs)
             Began as a Minotaur Fighter on June 24, 2018.
             Was an Initiate of Trog.
             Killed by vampiric draining
             ... invoked by a vampire
              (8 damage)
             ... on level 9 of the Dungeon.
             The game lasted 00:24:35 (7397 turns).

Hebeh the Cleaver (Minotaur Fighter)                Turns: 7397, Time: 00:24:36

Health: 0/90       AC: 23    Str: 25    XL:     10   Next: 10%
Magic:  9/9        EV:  1    Int:  5    God:    Trog [......]
Gold:   297        SH: 17    Dex:  9    Spells: 9/9 levels left

rFire    . . .     SeeInvis .   s - +3 hand axe
rCold    . . .     Gourm    .   k - +0 large shield {AC+3}
rNeg     . . .     Faith    .   m - +0 crystal plate armour
rPois    .         Spirit   .   (helmet restricted)
rElec    .         Reflect  .   (no cloak)
rCorr    +         Harm     .   (no gloves)
MR       .....                  p - +0 pair of boots
Stlth    ..........             (no amulet)
HPRegen  0.25/turn              h - ring of resist corrosion
MPRegen  0.11/turn              (no ring)

@: no status effects
A: retaliatory headbutt, horns 2
a: Renounce Religion


You were on level 9 of the Dungeon.
You worshipped Trog.
Trog was noncommittal.
You were not hungry.

You visited 2 branches of the dungeon, and saw 10 of its levels.
You also visited: Sewer.

You collected 529 gold pieces.
You spent 232 gold pieces at shops.

Inventory:

Hand Weapons
 a - a +0 war axe
 s - a +3 hand axe (weapon)
 E - a +0 battleaxe of draining
Armour
 b - a +0 scale mail
 c - a +0 shield
 k - a +0 large shield of protection (worn)
 m - a +0 crystal plate armour (worn)
 p - a +0 pair of boots (worn)
Jewellery
 h - a ring of resist corrosion (left hand)
Wands
 w - a wand of disintegration (11)
 y - a wand of enslavement (13)
 C - a wand of random effects (31)
 G - a wand of clouds (4)
Scrolls
 e - 8 scrolls of identify
 l - 4 scrolls of amnesia
 n - 2 scrolls of blinking
 t - 6 scrolls of teleportation
 x - 3 scrolls of fear {unknown}
 A - a scroll of enchant weapon {unknown}
 B - 2 scrolls of remove curse
Potions
 d - 4 potions of might
 g - 2 potions of brilliance {unknown}
 i - 3 potions of mutation {unknown}
 j - 4 potions of magic
 o - 6 potions of curing {unknown}
 q - 4 potions of agility {unknown}
 r - a potion of degeneration {unknown}
 u - 2 potions of lignification {unknown}
 v - 2 potions of flight {unknown}
 z - a potion of cancellation {unknown}
 D - a potion of ambrosia {unknown}
Comestibles
 f - 15 rations
 F - 18 chunks of flesh


   Skills:
 + Level 8.6 Fighting
 * Level 11.2 Axes
 + Level 8.7 Armour
 + Level 8.7 Shields


You had 9 spell levels left.
You didn't know any spells.
Your spell library was empty.

Dungeon Overview and Level Annotations

Branches:
Dungeon (9/15)             Temple (1/1) D:6
   Lair: D:8-11         Orc: D:9-12

Altars:
Ashenzari
Cheibriados
Dithmenos
Elyvilon
Fedhas
Gozag
Hepliaklqana
Kikubaaqudgha
Makhleb
Nemelex Xobeh
Okawaru
Ru
Sif Muna
Trog
Uskayaw
Vehumet
Wu Jian
Xom
Yredelemnul
Zin
The Shining One

Shops:
D:5 %   D:7 [


Innate Abilities, Weirdness & Mutations

You reflexively headbutt those who attack you in melee.
You have a pair of horns on your head.


Message History

You hit something. You headbutt something.
You hear some strange, mumbled words.
Something tries to affect you, but you resist.
You slash something!
Unholy energy fills the air.
* * * LOW HITPOINT WARNING * * *
You hit something. You headbutt something.
Something hits you but does no damage. You block something's attack.
You closely miss something. You closely miss something. You headbutt something.
Something hits you but does no damage. You block something's attack.
You miss something. Something hits you but does no damage.
Something bites you but does no damage.
Your crystal plate armour prevents you from hitting something.
Something hits you but does no damage. Something bites you but does no damage.
You closely miss something. You headbutt something. You barely miss something.
Your headbutt misses something.
A vampire appears from thin air!
Reactivating autopickup.
The vampire is infused with unholy energy.
You die...

#.#..# ##.##..# ##
#..# #.# . .## #.##
#.## ..# .$# #.# #.#.
..##.#########.####...
....................
#.########..####..#
#.@## #.## #... ##V.#
##.# ###.#. ##.# #..#
#..... #.# #.###.>##..
#.# #.##[.# #..
...###.#####....# ###
#...........####
###.....#.......#
#.!...#<.####..#


You could see a vampire.

Vanquished Creatures
  Joseph (D:8)
  The ghost of iamserjio the Charmwright, an amateur GnSk of Cheibriados (D:6)
  A troll (D:9)
  A hippogriff (D:7)
  Sigmund (D:4)
  2 hungry ghosts
  Menkaure (D:7)
  Duvessa (D:4)
  An orc warrior (D:8)
  2 ice beasts
  An ogre (D:6)
  2 sky beasts
  A phantom (D:6)
  A centaur (D:5)
  A big kobold (D:8)
  2 bullfrogs (D:9)
  Blork the orc (D:4)
  Dowan (D:4)
  8 wights (D:7)
  2 crimson imps
  A centaur zombie (D:6)
  3 hounds
  2 quasits
  A bullfrog skeleton (D:9)
  2 orc priests
  5 orc wizards
  A centaur skeleton (D:8)
  An iron imp (D:5)
  Ijyb (D:3)
  Terence (D:3)
  6 iguanas
  Natasha (thrice) (D:2)
  8 worker ants
  2 hound zombies
  A hound skeleton (D:5)
  A worker ant zombie (D:7)
  A howler monkey skeleton (D:4)
  3 river rats (Sewer)
  12 adders
  An ooze (D:1)
  An adder skeleton (D:9)
  2 worms (D:2)
  4 dart slugs (D:1)
  6 leopard geckos
  16 orcs
  5 ball pythons (Sewer)
  2 giant cockroaches
  8 goblins
  6 hobgoblins
  13 jackals
  8 kobolds
  3 quokkas
  8 bats
  11 frilled lizards
  A giant cockroach zombie (D:6)
  A jackal skeleton (D:6)
  A leopard gecko skeleton (D:5)
  8 rats
192 creatures vanquished.

Vanquished Creatures (others)
  2 withered plants (D:6)
2 creatures vanquished.

Grand Total: 194 creatures vanquished

Notes
Turn   | Place    | Note
-------+----------+-------------------------------------------
     0 | D:1      | Hebeh the Minotaur Fighter began the quest for the Orb.
     0 | D:1      | Reached XP level 1. HP: 19/19 MP: 0/0
    55 | D:1      | Reached XP level 2. HP: 15/27 MP: 1/1
   243 | D:1      | Reached skill level 3 in Axes
   402 | D:1      | Reached XP level 3. HP: 33/33 MP: 2/2
  1230 | D:2      | Found a shadowy altar of Dithmenos.
  1332 | D:2      | Reached XP level 4. HP: 40/40 MP: 3/3
  1470 | D:2      | Reached skill level 4 in Axes
  1524 | D:2      | Found an ornate altar of the Wu Jian Council.
  1579 | D:2      | Noticed Natasha
  1585 | D:2      | Killed Natasha
  1626 | D:2      | Noticed Natasha
  1634 | D:2      | Killed Natasha
  1634 | D:2      | Reached XP level 5. HP: 42/47 MP: 4/4
  1714 | D:2      | Noticed Natasha
  1724 | D:2      | Killed Natasha
  1797 | D:3      | Found an opulent altar of Gozag.
  1856 | D:3      | Noticed Terence
  1866 | D:3      | Killed Terence
  1996 | D:3      | Noticed Ijyb
  2004 | D:3      | Killed Ijyb
  2004 | D:3      | Reached skill level 5 in Axes
  2505 | D:4      | Noticed Blork the orc
  2508 | D:4      | Killed Blork the orc
  2508 | D:4      | Reached XP level 6. HP: 47/55 MP: 5/5
  2508 | D:4      | Reached skill level 5 in Fighting
  2508 | D:4      | Reached skill level 5 in Armour
  2508 | D:4      | Reached skill level 5 in Shields
  2563 | D:4      | Noticed Dowan
  2568 | D:4      | Noticed Duvessa
  2582 | D:4      | Killed Duvessa
  2586 | D:4      | Reached skill level 6 in Axes
  2593 | D:4      | Killed Dowan
  2593 | D:4      | Reached XP level 7. HP: 47/61 MP: 6/6
  2994 | D:4      | Found a glowing golden altar of the Shining One.
  3226 | D:4      | Noticed Sigmund
  3260 | D:4      | Killed Sigmund
  3425 | D:5      | Entered Level 5 of the Dungeon
  3499 | D:5      | Reached skill level 7 in Axes
  3839 | D:5      | Reached XP level 8. HP: 64/70 MP: 7/7
  3891 | D:5      | Found Zinawifa's Food Shoppe.
  4116 | D:5      | Found a snail-covered altar of Cheibriados.
  4315 | D:6      | Reached skill level 8 in Axes
  4340 | D:6      | Found a glowing drain.
  4434 | Sewer    | Entered a sewer
  4822 | D:6      | Found a runed door.
  4825 | D:6      | Noticed iamserjio's ghost (amateur GnSk)
  5277 | D:6      | Found a staircase to the Ecumenical Temple.
  5403 | Temple   | Entered the Ecumenical Temple
  5521 | D:6      | Killed iamserjio's ghost
  5521 | D:6      | Reached skill level 9 in Axes
  5556 | D:7      | Found Usuchi's Antique Armour Emporium.
  5565 | D:7      | Bought a shiny large shield for 232 gold pieces
  5626 | D:7      | Reached XP level 9. HP: 78/79 MP: 8/8
  5710 | D:7      | Noticed Menkaure
  5717 | D:7      | Killed Menkaure
  5899 | D:7      | Found a sparkling altar of Nemelex Xobeh.
  5924 | D:7      | Found a white marble altar of Elyvilon.
  6133 | D:7      | Found a deep blue altar of Sif Muna.
  6148 | D:7      | Reached skill level 10 in Axes
  6285 | D:7      | Found a hide-covered altar of Uskayaw.
  6386 | D:8      | Noticed Joseph
  6408 | D:8      | Killed Joseph
  6772 | D:8      | Found a glowing silver altar of Zin.
  7105 | D:9      | Found a bloodstained altar of Trog.
  7112 | D:9      | Became a worshipper of Trog the Wrathful
  7146 | D:9      | Noticed a troll
  7154 | D:9      | Killed a troll
  7156 | D:9      | Reached skill level 11 in Axes
  7171 | D:9      | Reached XP level 10. HP: 82/90 MP: 9/9
  7397 | D:9      | Killed from afar by a vampire

Vault maps used:
D:1:      denvon_arrival_waterhouse, grunt_decor_mini_mirrors,
          minmay_misc_feat_nine_boxes, minmay_pentomino_s4
D:2:      old_standard_altar, nicolae_dithmenos_shadow_blocks, first_ration,
          uniq_natasha
D:3:      nicolae_gozag_seed_capital, uniq_ijyb, uniq_terence
D:4:      tso_altar, uniq_duvessa, uniq_blork_the_orc, uniq_sigmund
D:5:      slow_altar_2, serial_shops, nicolae_shop_trees
D:6:      minmay_temple_entry_enclosed_plants, portal_sewer_entry_d,
          gammafunk_ghost_grave, kennysheep_generic_room_15
D:7:      old_standard_altar, old_standard_altar, kennysheep_mini_moat,
          lemuel_doored_altar, serial_shops, shop, palyth_stone_intersect,
          uniq_menkaure
D:8:      zin_statuary, uniq_joseph
D:9:      kennysheep_housing_project, marbit_many_paths, lemuel_round_altar
Temple:   eino_wide_crystal_templ
Sewer:    sewer_co_cracked_pipes

Skill      XL: |  1  2  3  4  5  6  7  8  9 |
---------------+----------------------------+-----
Axes           | 3 4 5 6 7 9 11 | 11.2
Armour         | 4 5 6 7 8 |  8.7
Fighting       | 4 5 6 7 8 |  8.6
Shields        | 4 5 6 7 8 |  8.7

Action                   |  1- 3 |  4- 6 |  7- 9 | 10-12 || total
-------------------------+-------+-------+-------+-------++-------
Melee: War axe           |   112 |   141 |   103 |       ||   356
       Headbutt          |    10 |    24 |    83 |    18 ||   135
       Hand axe          |       |       |   354 |    93 ||   447
  Use: Scroll            |       |     6 |       |       ||     6
  Eat: Chunk             |     2 |     4 |    12 |     1 ||    19
       Ration            |       |       |     2 |       ||     2
Armor: Scale mail        |    13 |       |       |       ||    13
       Crystal plate arm |    79 |   115 |   225 |    53 ||   472
Dodge: Dodged            |     8 |     6 |    19 |     2 ||    35
Block: Shield            |    65 |    76 |   106 |       ||   247
       Large shield      |       |       |   147 |    39 ||   186

Table legend:
 A = Spawn XP
 B = Non-spawn XP
 C = Spawn XP percentage of total XP
 D = Spawn monster count
 E = Non-spawn monster count
 F = Spawn count percentage of total count
 G = Total turns spent on level
                    A         B        C        D         E        F      G
               +---------+---------+-------+---------+---------+-------+---------
         Total |       0 |    6101 |   0.0 |       0 |     192 |   0.0 |  7397
               +---------+---------+-------+---------+---------+-------+---------
           D:1 |       0 |      57 |   0.0 |       0 |      25 |   0.0 |  1040
           D:2 |       0 |     187 |   0.0 |       0 |      25 |   0.0 |   755
           D:3 |       0 |     117 |   0.0 |       0 |      15 |   0.0 |   678
           D:4 |       0 |     759 |   0.0 |       0 |      23 |   0.0 |   952
           D:5 |       0 |     422 |   0.0 |       0 |      15 |   0.0 |   764
           D:6 |       0 |    1106 |   0.0 |       0 |      20 |   0.0 |   969
           D:7 |       0 |    1223 |   0.0 |       0 |      17 |   0.0 |   817
           D:8 |       0 |    1003 |   0.0 |       0 |      16 |   0.0 |   714
           D:9 |       0 |    1170 |   0.0 |       0 |      20 |   0.0 |   324
         Sewer |       0 |      57 |   0.0 |       0 |      16 |   0.0 |   314
               +---------+---------+-------+---------+---------+-------+---------
